 Dungeon Crawl Stone Soup version 0.25-b1-37-g2669288c55 (webtiles) character file.

Game seed: 5772591582930198802

79 grindst0ne the Skirmisher (level 4, -2/35 HPs)
             Began as a Demonspawn Gladiator on June 4, 2020.
             Slain by an orc
             ... wielding a +0 hand axe
              (3 damage)
             ... on level 4 of the Dungeon.
             The game lasted 00:01:14 (647 turns).

grindst0ne the Skirmisher (Demonspawn Gladiator)     Turns: 647, Time: 00:01:15

Health: -2/35      AC: 10    Str: 16    XL:     4   Next: 17%
Magic:  4/4        EV: 10    Int:  9    God:
Gold:   34         SH:  0    Dex: 14    Spells: 3/3 levels left

rFire    . . .     SeeInvis .   h - +2 mace (protect)
rCold    . . .     Gourm    .   (no shield)
rNeg     . . .     Faith    .   n - +0 scale mail
rPois    .         Spirit   .   c - +0 helmet
rElec    .         Reflect  .   (no cloak)
rCorr    .         Harm     .   (no gloves)
MR       .....                  e - +0 pair of boots
Stlth    ..........             (no amulet)
HPRegen  0.11/turn              (no ring)
MPRegen  0.09/turn              (no ring)

@: no status effects
A: icy blue scales 1, demonic guardian 1
a: no special abilities


You were on level 4 of the Dungeon.
You were not hungry.

You visited 1 branch of the dungeon, and saw 3 of its levels.

You collected 34 gold pieces.

Inventory:

Hand Weapons
 a - a +0 war axe
 h - a +2 mace of protection (weapon)
Missiles
 d - 3 throwing nets (quivered)
 o - 7 atropa-tipped darts
Armour
 b - a +0 leather armour
 c - a +0 helmet (worn)
 e - a +0 pair of boots (worn)
 n - a +0 scale mail (worn)
Scrolls
 g - 4 scrolls of identify {unknown}
 j - a scroll of enchant armour {unknown}
 k - 2 scrolls of noise {unknown}
 l - a scroll of amnesia {unknown}
 m - a scroll of remove curse {unknown}
 p - a scroll of magic mapping {unknown}
Potions
 i - a potion of berserk rage {unknown}
Comestibles
 f - 2 rations


   Skills:
 + Level 3.4 Fighting
 - Level 2.6 Axes
 - Level 1.7 Throwing
 + Level 2.3 Armour
 - Level 2.6 Dodging


You had 3 spell levels left.
You didn't know any spells.
Your spell library was empty.

Dungeon Overview and Level Annotations

Branches:
Dungeon (1/15)

Altars:


Innate Abilities, Weirdness & Mutations

You are partially covered in icy blue scales. (AC +2)
A weak demonic guardian rushes to your aid.


Message History

The orc priest closely misses you. The phantom closely misses you.
Your quasit closely misses the phantom. x2; Your quasit claws the phantom.
The orc closely misses your ufetubus.
The orc hits your ufetubus but does no damage.
Your ufetubus closely misses the orc.
Your ufetubus hits the orc.
The orc hits your quasit with a +0 trident!
Your quasit dies!
Your ufetubus hits the orc.
Your ufetubus barely misses the orc.
The orc hits your ufetubus.
The orc hits your ufetubus with a +0 hand axe.
Your ufetubus dies!
You closely miss the phantom.
The phantom is moderately damaged.
The phantom blinks!
The orc hits you from afar with a +0 trident!
* * * LOW HITPOINT WARNING * * *
The orc priest hits you from afar with a +1 vorpal trident.
* * * LOW HITPOINT WARNING * * *
x2 The orc hits you but does no damage.
The orc hits you with a +0 hand axe.
You die...

#... .. ..# .# ##.#
##.## ########..#
#...## ##...#....#
#.... ##.........##
#..#
#..>.......5###..###
#...........##o....#
#.......W.5..@o.)..#
##.........###o.†..#
##........#
#o.........
###..###.#
#.....##### ...# #.#
######... .). #..
... .... #### ....
..... ... ...


You could see a phantom, an orc priest, 3 orcs and a friendly iron imp
(summoned).

Vanquished Creatures
  A scorpion (D:4)
  An orc (D:4)
  3 bats
  A giant cockroach (D:2)
  A goblin (D:2)
  3 hobgoblins
  6 jackals (D:2)
  A kobold (D:1)
  A quokka (D:2)
  3 frilled lizards
  A rat (D:1)
22 creatures vanquished.

Vanquished Creatures (collateral kills)
  An orc wizard (D:4)
1 creature vanquished.

Grand Total: 23 creatures vanquished

Notes
Turn   | Place    | Note
-------+----------+-------------------------------------------
     0 | D:1      | grindst0ne the Demonspawn Gladiator began the quest for the
                  | Orb.
     0 | D:1      | Reached XP level 1. HP: 16/16 MP: 1/1
   233 | D:1      | You fall into a shaft and drop 1 floor!
   268 | D:2      | Reached skill level 1 in Armour
   268 | D:2      | Gained mutation: A weak demonic guardian rushes to your
                  | aid. [demonic ancestry]
   268 | D:2      | Reached XP level 2. HP: 23/23 MP: 2/2
   591 | D:2      | You fall into a shaft and drop 2 floors!
   624 | D:4      | Noticed a scorpion
   631 | D:4      | Noticed a phantom
   635 | D:4      | Killed a scorpion
   635 | D:4      | Reached skill level 3 in Fighting
   635 | D:4      | Reached XP level 3. HP: 27/29 MP: 3/3
   641 | D:4      | Gained mutation: You are partially covered in icy blue
                  | scales. (AC +2) [demonic ancestry]
   641 | D:4      | Reached XP level 4. HP: 18/35 MP: 4/4
   647 | D:4      | HP: 1/35 [orc priest/+1 vorpal trident (1)]
   647 | D:4      | Slain by an orc

Illustrated notes

Levels and vault maps discovered:
D:1:      minmay_arrival_open_corners, layout_basic
D:2:      layout_loops_ring, first_ration
D:4:      layout_rooms, serial_shops, kennysheep_little_box,
          portal_sewer_entry_a, minmay_misc_feat_nine_boxes, uniq_ijyb

Skill      XL: |  1  2 |
---------------+-------+-----
Armour         | 1 2 |  2.3
Fighting       | 3 |  3.4
Axes           | |  2.6
Throwing       | |  1.7
Dodging        | |  2.6

Action                   |  1- 3 |  4- 6 || total
-------------------------+-------+-------++-------
Melee: War axe           |    57 |       ||    57
       Mace              |    10 |     1 ||    11
 Stab: Distracted        |     2 |       ||     2
Armor: Leather armour    |    28 |       ||    28
       Scale mail        |    18 |     1 ||    19
Dodge: Dodged            |    69 |     3 ||    72
